 Dungeon Crawl Stone Soup version 0.29-a0-911-g88e6f02907 (webtiles) character file.

Game seed: 16457715556544893878

11 Mysterykhorne the Slasher (level 2, -2/27 HPs)
             Began as a Minotaur Berserker on July 25, 2022.
             Was a Follower of Trog.
             Succumbed to their own poison gas
             ... on level 2 of the Dungeon.
             The game lasted 00:07:15 (177 turns).

Mysterykhorne the Slasher (Minotaur Berserker)       Turns: 177, Time: 00:07:16

Health: -2/27      AC:  2    Str: 21    XL:     2   Next: 17%
Magic:  1/1        EV: 12    Int:  4    God:    Trog [*.....]
Gold:   23         SH:  0    Dex:  9    Spells: 1/1 levels left

rFire   . . .      SeeInvis .   a - +0 falchion
rCold   . . .      Faith    .   (no shield)
rNeg    . . .      Spirit   .   b - +0 animal skin
rPois   .          Reflect  .   (helmet restricted)
rElec   .          Harm     .   (no cloak)
rCorr   .          Rampage  .   (no gloves)
Will    .....                   (no boots)
Stlth   +.........              (no amulet)
HPRegen 0.09/turn               (no ring)
MPRegen 0.07/turn               (no ring)

@: lethally poisoned (-2 -> -25), about to teleport
A: horns 2, retaliatory headbutt
a: Renounce Religion, Berserk


You were on level 2 of the Dungeon.
You worshipped Trog.
Trog was aware of your devotion.
You visited 1 branch of the dungeon, and saw 2 of its levels.

You collected 23 gold pieces.

Inventory:

Hand Weapons
 a - a +0 falchion (weapon)
 h - a +0 hand axe of venom
Armour
 b - a +0 animal skin (worn)
 g - a +0 plate armour
Jewellery
 i - a ring of willpower
Scrolls
 d - a scroll of identify {unknown}
Potions
 e - a potion of lignification {unknown}
 f - a potion of curing {unknown}


   Skills:
 + Level 4.0 Fighting
 + Level 4.0 Long Blades
 + Level 2.5 Armour
 + Level 2.3 Dodging


You had one spell level left.
You didn't know any spells.
Your spell library was empty.

Dungeon Overview and Level Annotations

Branches:
Dungeon (2/15)

Altars:


Innate Abilities, Weirdness & Mutations

You have a pair of horns on your head.
You reflexively headbutt those who attack you in melee.


Message History

Unknown command.
Unknown command.
Unknown command.
Unknown command.
Unknown command.
Unknown command.
Unknown command.
Sorry, I don't know how to get there.
Really walk into that cloud of poison gas? [Y]es or [N]o only, please.
Really walk into that cloud of poison gas?
Okay, then.
Unknown command.
Unknown command.
Welcome back, Mysterykhorne the Minotaur Berserker.
Trog says: Kill them all!
Press ? for a list of commands and other information.
Okay, then.
Okay, then.
Really walk into that cloud of poison gas? [Y]es or [N]o only, please.
Really walk into that cloud of poison gas?
Okay, then.
Unknown command.
Unknown command.
Unknown command.
Unknown command.
Really walk into that cloud of poison gas? [Y]es or [N]o only, please.
Really walk into that cloud of poison gas? [Y]es or [N]o only, please.
Really walk into that cloud of poison gas?
Okay, then.
Really walk into that cloud of poison gas?
Uppercase [Y]es or [N]o only, please.
Really walk into that cloud of poison gas?
You are engulfed in poison gas.
You are lethally poisoned!
* * * LOW HITPOINT WARNING * * *
You die...

. .... .. ..#
#.#########§#
#.......§§§§#
#......§§§§#
#.......§§§######
#....<..§§§......
####+####§#######
#@# #.# #§# #§#
#§# #§# #§# #§#
#§#


There were no monsters in sight!

Vanquished Creatures
  A dart slug (D:2)
  2 endoplasms (D:1)
  A quokka (D:1)
  A bat (D:2)
  2 goblins (D:1)
  A kobold (D:1)
  2 rats (D:1)
10 creatures vanquished.

Notes
Turn   | Place    | Note
-------+----------+-------------------------------------------
     0 | D:1      | Mysterykhorne the Minotaur Berserker began the quest for
                  | the Orb.
     0 | D:1      | Reached XP level 1. HP: 19/19 MP: 0/0
    49 | D:1      | Found a faded altar of an unknown god.
   139 | D:1      | Reached XP level 2. HP: 12/27 MP: 1/1
   177 | D:2      | Succumbed to their own poison gas

Illustrated notes

Levels and vault maps discovered:
D:1:      minmay_arrival_radiant_lines, layout_rooms, basic_ecumenical_altar,
          minmay_misc_feat_roman
D:2:      minmay_thinvault, layout_basic, uniq_natasha

Skill      XL: |  1  2 |
---------------+-------+-----
Long Blades    | 4 |  4.0
Fighting       | 4 |  4.0
Armour         | |  2.5
Dodging        | |  2.3

Action                   || total
-------------------------++-------
Melee: Falchion          ||    16
       Headbutt          ||     4
  Use: Scroll            ||     2
Armor: Animal skin       ||     5
Dodge: Dodged            ||    13

Table legend: (Time is in decaauts)
 A = Elapsed time spent in this place.
 B = Non-inter-level travel time spent in this place.
 C = Inter-level travel time spent in this place.
 D = Time resting spent in this place.
 E = Time spent auto-exploring this place.
 F = Levels seen in this place.
 G = Mean time per level.
                   A        B        C        D        E       F      G
               +--------+--------+--------+--------+--------+-----+--------+
         Total |    178 |     77 |    101 |      0 |      0 |   2 |   89.0 |
       Dungeon |    178 |     77 |    101 |      0 |      0 |   2 |   89.0 |
               +--------+--------+--------+--------+--------+-----+--------+

Top non-repeatable levels by time:
     D:1: 164 daAuts
     D:2: 14 daAuts
